 Crawl Stoat Soup version 0.23-ish-327-95-g181beea39d (console) character file.

2513073 damerell the Conqueror (level 27, 273/273 HPs)
             Began as a Hill Orc Ice Elementalist on Apr 12, 2024.
             Was the Champion of Cheibriados.
             Escaped with the Orb
             ... and 5 runes on Apr 13, 2024!
             The game lasted 10:35:34 (115072 turns).

damerell the Conqueror (HOIE)                     Turns: 115072, Time: 10:35:35

Health: 273/273    AC: 30    Str: 38    XL:     27
Magic:  49/52 (61) EV: 33    Int: 54    God:    Cheibriados [******]
Gold:   2013       SH: 41    Dex: 31    Spells: 4/56 levels left

rFire    + . .     SeeInvis .   b - +5 fustibalus {flame, rElec Dex+2}
rCold    + . .     Gourm    .   v - +8 tower shield
rNeg     + + .     Faith    .   m - +3 chain mail "Izeuts" {rN++ MP+9 Int+3 Dex-5}
rPois    +         Spirit   .   M - +3 hat of Pondering {ponderous, MR+ MP+10 Int+5}
rElec    +         Warding  .   Z - +2 cloak {MR+}
rCorr    .         Reflect  +   d - +2 pair of gloves {Str+3}
MR       ++++.     Harm     .   S - +1 pair of boots "Higitine" {Str+2 Dex+3}
Stlth    +.........             V - amulet "Jastyul" {Reflect *Contam rPois Int+6 Dex+3 SH+3}
HPRegen  1.55/turn              X - ring of Phasing {EV+6 RMsl}
MPRegen  0.37/turn              s - ring "Veps" {rPois rF+ rC+ Int+4}

@: regenerating, repel missiles, shrouded, portal projectile, max piety, very
slow, 9 MP reserved for charms, 0.06 MP regen used to sustain charms
A: agile 1, mutation resistance 1
0: Orb of Zot
}: 5/15 runes: serpentine, barnacled, slimy, silver, golden
a: Bend Time, Temporal Distortion, Slouch, Step From Time, Renounce Religion,
End Permanent Enchantments


You escaped.
You worshipped Cheibriados.
Cheibriados was exalted by your worship.
You were not hungry.

You visited 12 branches of the dungeon, and saw 60 of its levels.
You visited the Abyss 1 time.
You also visited: Labyrinth and Wizlab.

You collected 9604 gold pieces.
You spent 7591 gold pieces at shops.

Inventory:

Hand Weapons
 a - the +8 broad axe "damerell's Regret" {drain, rC+ Str+6, blink}
   (You found it on level 5 of the Dungeon)

   A truly terrible weapon, it drains the life of those it strikes.
   It affects your strength (+6).
   It protects you from cold.
 b - the +5 fustibalus of Melee (weapon) {flame, rElec Dex+2}
   (You found it on level 3 of the Elven Halls)

   It causes projectiles fired from it to burn those they strike, causing extra
   injury to most foes and up to half again as much damage against particularly
   susceptible opponents.
   It affects your dexterity (+2).
   It insulates you from electricity.
 w - a +8 broad axe of electrocution
   (You took it off a spriggan berserker on level 5 of the Depths)
Missiles
 i - 47 javelins of penetration
 n - 253 sling bullets (quivered)
 D - 10 steel javelins
 U - 25 curare-tipped darts
 Y - 7 throwing nets
Armour
 d - a +2 pair of gloves of strength (worn)
   (You found it on level 2 of the Dungeon)
 m - the +3 chain mail "Izeuts" (worn) {rN++ MP+9 Int+3 Dex-5}
   (You found it on level 3 of the Tomb of the Ancients)

   It affects your intelligence (+3).
   It affects your dexterity (-5).
   It greatly protects you from negative energy.
   It affects your magic capacity (+9).
 o - a +2 pair of boots of flying
   (You found it on level 3 of the Tomb of the Ancients)
 v - a +8 tower shield (worn)
   (You took it off Mennas on level 1 of the Crypt)
 M - the +3 hat of Pondering (worn) {ponderous, MR+ MP+10 Int+5}
   (You found it on level 3 of the Elven Halls)

   It affects your intelligence (+5).
   It affects your resistance to hostile enchantments.
   It affects your magic capacity (+10).
 S - the +1 pair of boots "Higitine" (worn) {Str+2 Dex+3}
   (You found it on level 15 of the Dungeon)

   It affects your strength (+2).
   It affects your dexterity (+3).
 Z - a +2 cloak of magic resistance (worn)
   (You bought it in a shop on level 5 of the Vaults)
Jewellery
 s - the ring "Veps" (right hand) {rPois rF+ rC+ Int+4}
   (You found it on level 3 of the Elven Halls)

   [ring of protection from cold]

   It affects your intelligence (+4).
   It protects you from fire.
   It protects you from cold.
   It protects you from poison.
 C - an uncursed ring of resist corrosion
   (You found it on level 6 of the Dungeon)
 I - an uncursed ring of see invisible
   (You found it in a labyrinth)
 V - the amulet "Jastyul" (around neck) {Reflect *Contam rPois Int+6 Dex+3 SH+3}
   (You found it on level 2 of the Realm of Zot)

   [amulet of reflection]

   It shields you and reflects attacks.
   It affects your intelligence (+6).
   It affects your dexterity (+3).
   It protects you from poison.
   It causes magical contamination when unequipped.
   It affects your SH (+3).
 X - the ring of Phasing (left hand) {EV+6 RMsl}
   (You took it off a deep elf blademaster on level 3 of the Depths)

   [ring of evasion]

   It affects your evasion (+6).
   It protects you from missiles.
Wands
 u - 3 wands of clouds (18 charges)
 H - a wand of digging (3 charges)
 J - 6 wands of iceblast (46 charges)
 O - 3 wands of acid (31 charges)
Scrolls
 g - 35 scrolls of teleportation
 j - 5 scrolls of silence {!r}
 q - 3 scrolls of holy word {!r}
 t - 9 scrolls of fear
 x - 10 scrolls of immolation
 B - 24 scrolls of remove curse
 F - a scroll of fog
 G - 17 scrolls of identify
 K - a scroll of blinking
Potions
 f - 5 potions of cancellation
 h - 4 potions of resistance
 l - 14 potions of curing
 p - a potion of lignification
 r - 2 potions of brilliance
 z - 8 potions of flight
 E - 3 potions of invisibility
 L - 10 potions of heal wounds
 N - 2 potions of agility
 R - 9 potions of might
Miscellaneous
 k - a lamp of fire
   (You found it on level 3 of the Crypt)
 P - 6 phantom mirrors
Comestibles
 c - 49 bread rations
 e - 16 meat rations


   Skills:
 O Level 27 Fighting
 - Level 18.0 Axes
   Level 0.2(9.9) Maces & Flails
 - Level 11.4(14.0) Slings
 - Level 13.0(14.8) Throwing
 + Level 16.7 Armour
 + Level 16.5 Dodging
 - Level 4.0 Stealth
 - Level 25.0 Shields
 - Level 15.0 Spellcasting
 + Level 22.5 Conjurations
 - Level 8.0 Hexes
 - Level 8.0 Charms
 - Level 8.0 Summonings
 - Level 7.0 Necromancy
 - Level 5.0 Translocations
 - Level 5.0 Transmutations
 + Level 24.9 Fire Magic
   Level 7.2 Ice Magic
 - Level 16.0 Invocations
 - Level 4.0 Evocations


You had 4 spell levels left.
You knew the following spells:

 Your Spells              Type           Power        Failure   Level  Hunger
a - Aura of Abjuration    Summ           91/200       1%          5    None
b - Portal Projectile     Hex/Tloc       50/50        1%          3    None
c - Ignition              Fire           142/200      1%          8    ##.....
d - Orb of Destruction    Conj           136/200      1%          7    None
e - Magic Dart            Conj           25/25        0%          1    None
f - Shroud of Golubria    Chrm/Tloc      50/50        1%          2    None
g - Regeneration          Chrm/Necr      88/200       1%          4    None
h - Bolt of Fire          Conj/Fire      139/200      0%          6    None
i - See Invisible         Chrm           91/200       1%          4    None
j - Yara's Violent Unrav  Hex/Tmut       84/200       1%          5    None
k - Irradiate             Conj/Tmut      112/200      1%          5    None
z - Blink                 Tloc           50/50        1%          2    None

Your spell library contained the following spells:

 Spells                   Type           Power        Failure   Level  Hunger
 Flame Tongue             Conj/Fire      40/40        0%          1    None
 Shock                    Conj/Air       25/25        0%          1    None
 Sting                    Conj/Pois      25/25        0%          1    None
 Searing Ray              Conj           50/50        0%          2    None
 Throw Flame              Conj/Fire      50/50        0%          2    None
 Throw Frost              Conj/Ice       50/50        0%          2    None
 Conjure Flame            Conj/Fire      100/100      0%          3    None
 Dazzling Spray           Conj/Hex       50/50        0%          3    None
 Inner Flame              Hex/Fire       100/100      0%          3    None
 Iskenderun's Mystic Bla  Conj           100/100      0%          4    None
 Sticky Flame             Conj/Fire      100/100      0%          4    None
 Apportation              Tloc           50/50        1%          1    None
 Beastly Appendage        Tmut           50/50        1%          1    None
 Confusing Touch          Hex            50/50        1%          1    None
 Freeze                   Ice            25/25        1%          1    None
 Infusion                 Chrm           25/25        1%          1    None
 Necrotise                Necr           25/25        1%          1    None
 Sandblast                Erth           40/50        1%          1    None
 Summon Butterflies       Summ           91/100       1%          1    None
 Summon Small Mammal      Summ           25/25        1%          1    None
 Call Imp                 Summ           91/100       1%          2    None
 Corpse Rot               Necr           N/A          1%          2    None
 Ensorcelled Hibernation  Hex/Ice        50/50        1%          2    None
 Passwall                 Tmut/Erth      61/120       1%          2    None
 Poisonous Vapours        Pois/Air       40/50        1%          2    None
 Slow                     Hex            91/100       1%          2    None
 Sticks to Snakes         Tmut           76/100       1%          2    None
 Swiftness                Chrm/Air       70/100       1%          2    None
 Call Canine Familiar     Summ           91/100       1%          3    None
 Confuse                  Hex            91/100       1%          3    None
 Gell's Gravitas          Tloc           76/200       1%          3    None
 Lesser Beckoning         Tloc           76/200       1%          3    None
 Mephitic Cloud           Conj/Pois/Air  88/100       1%          3    None
 Ozocubu's Armour         Chrm/Ice       89/100       1%          3    None
 Recall                   Summ/Tloc      N/A          1%          3    None
 Spider Form              Tmut/Pois      61/200       1%          3    None
 Static Discharge         Conj/Air       100/100      1%          3    None
 Stone Arrow              Conj/Erth      50/50        1%          3    None
 Teleport Other           Tloc           76/100       1%          3    None
 Tukima's Dance           Hex            91/100       1%          3    None
 Vampiric Draining        Necr           86/200       1%          3    None
 Animate Dead             Necr           N/A          1%          4    None
 Cause Fear               Hex            91/200       1%          4    None
 Force Lance              Conj/Tloc      100/100      1%          4    None
 Fulminant Prism          Conj/Hex       117/200      1%          4    None
 Ice Form                 Ice/Tmut       82/100       1%          4    None
 Leda's Liquefaction      Hex/Erth       70/200       1%          4    None
 Summon Ice Beast         Ice/Summ       89/100       1%          4    None
 Summon Lightning Spire   Summ/Air       70/100       1%          4    None
 Throw Icicle             Conj/Ice       100/100      1%          4    None
 Petrify                  Tmut/Erth      61/100       3%          4    None
 Airstrike                Air            40/200       10%         4    None
 Fireball                 Conj/Fire      139/200      0%          5    None
 Bolt of Magma            Conj/Fire/Erth 119/200      1%          5    None
 Excruciating Wounds      Chrm/Necr      88/200       1%          5    None
 Iskenderun's Battlesphe  Conj/Chrm      100/100      1%          5    None
 Lightning Bolt           Conj/Air       104/200      1%          5    None
 Metabolic Englaciation   Hex/Ice        89/200       1%          5    None
 Summon Demon             Summ           91/200       1%          5    None
 Summon Forest            Summ/Tloc      84/200       1%          5    None
 Summon Mana Viper        Hex/Summ       91/100       1%          5    None
 Bolt of Cold             Conj/Ice       116/200      1%          6    None
 Iron Shot                Conj/Erth      104/200      1%          6    None
 Ring of Flames           Chrm/Fire      121/200      1%          7    None
 Spellforged Servitor     Conj/Summ      117/200      1%          7    None
 Freezing Cloud           Conj/Ice/Air   99/200       2%          6    None
 Blade Hands              Tmut           76/200       3%          5    None
 Silence                  Hex/Air        70/200       5%          5    None
 Darkness                 Hex            91/200       5%          6    None
 Invisibility             Hex            91/100       5%          6    None
 Shadow Creatures         Summ           N/A          5%          6    None
 Ozocubu's Refrigeration  Ice            87/200       8%          6    None
 Simulacrum               Ice/Necr       87/200       9%          6    None
 Dispersal                Tloc           76/200       19%         6    None
 Hydra Form               Tmut           76/200       19%         6    None
 Lee's Rapid Deconstruct  Erth           40/200       26%         5    None
 Deflect Missiles         Chrm/Air       70/200       28%         6    None
 Velakast's Superior Rad  Hex/Pois       70/200       28%         6    None
 Monstrous Menagerie      Summ           91/200       30%         7    None
 Summon Greater Demon     Summ           91/200       30%         7    None
 Summon Hydra             Summ           91/200       30%         7    None
 Eringya's Noxious Bog    Tmut/Pois      61/200       47%         6    None
 Statue Form              Tmut/Erth      61/150       47%         6    None
 Malign Gateway           Summ/Tloc      84/200       50%         7    None
 Controlled Blink         Tloc           76/100       71%         7    None
 Dragon Form              Tmut           76/200       71%         7    None
 Discord                  Hex            91/200       94%         8    ##.....
 Summon Horrible Things   Summ           91/200       94%         8    ##.....
 Disjunction              Tloc           76/200       100%        8    ##.....
 Haste                    Chrm           91/100       100%        9    ####...
 Shatter                  Erth           40/200       100%        9    ####...
 Tornado                  Air            40/200       100%        9    ####...
 Passage of Golubria      Tloc           Unusable     N/A         4    N/A

Dungeon Overview and Level Annotations

Branches:
Dungeon (15/15)            Temple (0/1) D:6            Lair (6/6) D:9
 Shoals (4/4) Lair:4        Snake (4/4) Lair:4        Slime (5/5) Lair:6
    Orc (2/2) D:12            Elf (3/3) Orc:2        Vaults (5/5) D:14
  Crypt (3/3) Vaults:2       Tomb (3/3) Crypt:3      Depths (5/5) D:15
    Zot (5/5) Depths:5

Altars:
Ashenzari
Cheibriados
Dithmenos
Fedhas
Gozag Ihp'ix
Kikubaaqudgha
Nemelex Xobeh
Ru
Sif Muna
Trog
Vehumet
Wu Jian
Yredelemnul
Zin
The Shining One
Beogh
Jiyva

Shops:
D:5 *   D:6 *[*([   D:8 )   Orc:2 ):)[   Elf:1 [   Elf:2 *   Elf:3 =}}*
Vaults:2 *   Vaults:3 }   Vaults:4 (   Vaults:5 [

Portals:
Hell: Depths:1 Depths:2 Depths:3 Depths:4 Depths:5
Abyss: Depths:2 Depths:4
Pandemonium: Depths:3
Ziggurat: Depths:5

Annotations:
D:12 plate of rPois here
Depths:5 digout tower shield
Zot:3 1 transporter


Innate Abilities, Weirdness & Mutations

You are agile. (Dex +2)
You are somewhat resistant to further mutation.


Message History

Press: ? - help, Shift-Dir - straight line, f - bat
Aim: a bat (water)
You magically shoot a sling bullet.
The sling bullet hits the bat!
The sling bullet burns the bat.
You kill the bat!
Cheibriados thoroughly appreciates the change of pace.
You hear a splash.
(D) Dungeon (T) Temple (L) Lair (A) Shoals (P) Snake Pit (M) Slime Pits (O) Orcish Mines (E) Elven Halls (V) Vaults (C) Crypt (W) Tomb (U) Depths (H) Hell (Z) Zot
Where to? (Enter - D:1 @ (x,y), ? - help) Magic restored. 3 golden eyes come into view.
Firing (i - inventory) (/) - cycle)
n - 264 sling bullets (quivered)
Press: ? - help, Shift-Dir - straight line, f - golden eye
Aim: a golden eye You magically shoot a sling bullet.
The sling bullet hits the golden eye!
The sling bullet burns the golden eye.
You kill the golden eye!
Cheibriados thoroughly appreciates the change of pace.
Firing (i - inventory) (/) - cycle)
n - 263 sling bullets (quivered)
Press: ? - help, Shift-Dir - straight line, f - golden eye
Aim: a golden eye You magically shoot a sling bullet.
The sling bullet hits the golden eye!!
The sling bullet burns the golden eye.
You kill the golden eye!
Cheibriados thoroughly appreciates the change of pace.
Firing (i - inventory) (/) - cycle)
n - 262 sling bullets (quivered)
Press: ? - help, Shift-Dir - straight line, f - golden eye
Aim: a golden eye You magically shoot a sling bullet.
The sling bullet hits the golden eye!
The sling bullet burns the golden eye.
The golden eye is almost dead.
Firing (i - inventory) (/) - cycle)
n - 261 sling bullets (quivered)
Press: ? - help, Shift-Dir - straight line, f/p - golden eye
Aim: a golden eye (almost dead)
You magically shoot a sling bullet.
The sling bullet hits the golden eye.
The sling bullet burns the golden eye.
You kill the golden eye!
Cheibriados appreciates the change of pace.
(D) Dungeon (T) Temple (L) Lair (A) Shoals (P) Snake Pit (M) Slime Pits (O) Orcish Mines (E) Elven Halls (V) Vaults (C) Crypt (W) Tomb (U) Depths (H) Hell (Z) Zot
Where to? (Enter - D:1 @ (x,y), ? - help)
An Orb Guardian comes into view.
Firing (i - inventory) (/) - cycle)
n - 260 sling bullets (quivered)
Press: ? - help, Shift-Dir - straight line, f - Orb Guardian
Aim: an Orb Guardian You magically shoot a sling bullet.
The sling bullet hits the Orb Guardian!
The sling bullet burns the Orb Guardian.
The Orb Guardian is lightly wounded.
Firing (i - inventory) (/) - cycle)
n - 259 sling bullets (quivered)
Press: ? - help, Shift-Dir - straight line, f/p - Orb Guardian
Aim: an Orb Guardian (lightly wounded)
You magically shoot a sling bullet.
The sling bullet hits the Orb Guardian!!
The sling bullet burns the Orb Guardian.
The Orb Guardian is heavily wounded.
Firing (i - inventory) (/) - cycle)
n - 258 sling bullets (quivered)
Press: ? - help, Shift-Dir - straight line, f/p - Orb Guardian
Aim: an Orb Guardian (heavily wounded)
You magically shoot a sling bullet.
The sling bullet hits the Orb Guardian!
The sling bullet burns the Orb Guardian.
The Orb Guardian is almost dead.
Firing (i - inventory) (/) - cycle)
n - 257 sling bullets (quivered)
Press: ? - help, Shift-Dir - straight line, f/p - Orb Guardian
Aim: an Orb Guardian (severely wounded)
You magically shoot a sling bullet.
The sling bullet hits the Orb Guardian.
The sling bullet burns the Orb Guardian.
The Orb Guardian is almost dead.
Firing (i - inventory) (/) - cycle)
n - 256 sling bullets (quivered)
Press: ? - help, Shift-Dir - straight line, f/p - Orb Guardian
Aim: an Orb Guardian (almost dead)
You magically shoot a sling bullet.
The sling bullet closely misses the Orb Guardian.
The Orb Guardian completely misses you.
Firing (i - inventory) (/) - cycle)
n - 255 sling bullets (quivered)
Press: ? - help, Shift-Dir - straight line, f/p - Orb Guardian
Aim: an Orb Guardian (almost dead)
You magically shoot a sling bullet.
The sling bullet hits the Orb Guardian.
The sling bullet burns the Orb Guardian.
The Orb Guardian is almost dead.
The Orb Guardian hits you but does no damage.
Firing (i - inventory) (/) - cycle)
n - 254 sling bullets (quivered)
Press: ? - help, Shift-Dir - straight line, f/p - Orb Guardian
Aim: an Orb Guardian (almost dead)
You magically shoot a sling bullet.
The sling bullet hits the Orb Guardian!!
The sling bullet burns the Orb Guardian.
You kill the Orb Guardian!
Cheibriados thoroughly appreciates the change of pace.
(D) Dungeon (T) Temple (L) Lair (A) Shoals (P) Snake Pit (M) Slime Pits (O) Orcish Mines (E) Elven Halls (V) Vaults (C) Crypt (W) Tomb (U) Depths (H) Hell (Z) Zot
Where to? (Enter - D:1 @ (x,y), ? - help)
There is a staircase leading out of the dungeon here.
You have escaped!

###.#####..≈≈....♣..≈≈...#...####
..........≈≈....@.8..≈≈..#...# #
######.#..≈..8.....♣..≈..#...# #
# #.#..≈...........≈..########
######.#..≈≈.........≈≈..# #....
#....#.#...≈≈....8..≈≈...# #....
#....#.#....≈≈....♣≈≈..#.# #....
.......#.....≈≈≈.≈≈≈.....# #....
#....##......(.(......##.# #####
#######....#....((....##.# ## #
#........(.......#.# #. #
#..................#######. #
#.........(...##.........#.
#.............##.........#.
#######...#########.##.........#.
.....##..)# #..#.........#.
.....##...# ##.#.........#.


There were no monsters in sight!

Vanquished Creatures
  the Royal Jelly (Slime:5)
  Khufu (Tomb:2)
  5 orbs of fire (Zot:5)
  Mennas (Crypt:1)
  A juggernaut (Depths:4)
  4 ancient liches
  36 greater mummies
  Boris (Crypt:1)
  Vashnia (Snake:2)
  2 shard shrikes (Zot:1)
  6 Killer Klowns
  4 curse toes
  2 caustic shrikes (Depths:3)
  17 golden dragons
  Nikola (Snake:1)
  3 electric golems
  2 bone dragons (Crypt:3)
  A shard shrike zombie (Crypt:3)
  A hellephant (D:11)
  Rupert (Snake:1)
  22 tentacled monstrosities
  27 Orb Guardians
  2 Hell Sentinels
  An Ice Fiend (D:10)
  2 titans (Vaults:5)
  4 deep elf blademasters
  20 acid blobs
  13 liches
  14 ancient champions
  10 death cobs
  A deep elf master archer (Elf:3)
  7 quicksilver dragons
  2 pandemonium lords
  Agnes (Snake:3)
  10 shadow dragons
  2 tentacled starspawn (Abyss:5)
  13 sphinxes
  11 tengu reavers
  6 nagarajas
  19 storm dragons
  6 draconian monks
  8 azure jellies
  Roxanne (Snake:2)
  3 daevas (Depths:5)
  9 revenants
  12 fire giants
  Ilsuiw (Shoals:4)
  5 draconian knights
  20 vault wardens
  Louise (Snake:2)
  9 draconian scorchers
  8 deep elf sorcerers
  3 deep elf elementalists
  4 ghost moths
  25 frost giants
  A cacodemon (Abyss:5)
  Maud (D:13)
  An angel (Depths:5)
  7 draconian shifters
  An orc warlord (Vaults:2)
  A juggernaut zombie (Depths:3)
  2 curse skulls (Crypt:3)
  5 draconian stormcallers
  6 ghouls
  2 spriggan defenders
  3 war gargoyles (WizLab)
  15 very ugly things
  An ophan (Abyss:5)
  16 ironheart preservers
  8 draconian annihilators
  16 stone giants
  A stone giant (shapeshifter) (Depths:1)
  3 reapers
  17 bennus
  9 deep elf demonologists
  5 vampire knights
  3 entropy weavers
  A salamander firebrand (Snake:4)
  17 green draconians
  13 yellow draconians
  9 black draconians
  7 white draconians
  5 deep elf annihilators
  4 dire elephants (Zot:2)
  9 spark wasps
  11 purple draconians
  9 red draconians
  2 blizzard demons
  34 mummy priests
  Josephine (D:12)
  A minotaur (Lab)
  A quicksilver dragon zombie (Crypt:3)
  3 eidola
  13 deep elf death magi
  3 merfolk javelineers
  15 ettins
  6 death oozes
  4 merfolk impalers
  6 jiangshi
  17 great orbs of eyes
  8 deep elf high priests
  2 crystal guardians
  15 ogre magi
  11 fire dragons
  A minotaur (shapeshifter) (D:13)
  19 yaktaur captains
  Erolcha (Orc:1)
  A hell beast (D:11)
  5 cavaliers
  21 ice dragons
  A quicksilver dragon skeleton (Tomb:1)
  33 vault guards
  10 rakshasas
  17 naga warriors
  A hydra (shapeshifter) (Vaults:5)
  18 hydras
  5 spriggan air magi
  7 centaur warriors
  A catoblepas (Shoals:3)
  6 death knights
  20 anacondas
  5 merfolk avatars
  2 alligators (shapeshifter)
  2 death yaks (Lair:4)
  42 two-headed ogres
  A two-headed ogre (shapeshifter) (Vaults:5)
  10 vampire magi
  47 death scarabs
  4 satyrs
  4 deep troll shamans
  5 tengu warriors
  12 merfolk aquamancers
  Erica (Orc:1)
  5 deep troll earth magi
  20 naga sharpshooters
  25 dancing weapons
  Nergalle (Orc:1)
  14 shock serpents
  9 spriggan berserkers
  2 soul eaters
  2 iron golems (WizLab)
  2 wretched stars (Abyss:5)
  2 titan skeletons (Crypt:3)
  38 deep elf knights
  6 salamander mystics
  3 shadow wraiths
  22 hell knights
  2 spatial maelstroms (Abyss:5)
  A deep troll (shapeshifter) (Vaults:5)
  A fire crab (Lair:5)
  69 skeletal warriors
  13 sea snakes
  2 flaming corpses
  3 torturous demonspawn
  2 anaconda zombies (Tomb:1)
  6 glowing orange brains
  22 deep trolls
  6 naga ritualists
  8 unseen horrors
  2 storm dragon skeletons
  5 large abominations (Abyss:5)
  16 deep elf archers
  4 lindwurms (Snake:4)
  10 flayed ghosts
  7 wizards
  15 ironbrand convokers
  A lindwurm (shapeshifter) (D:14)
  An anaconda skeleton (Tomb:2)
  10 phantasmal warriors
  10 necromancers
  24 harpies
  54 ugly things
  2 harpies (shapeshifter)
  An iron dragon zombie (Tomb:3)
  22 mana vipers
  A faun (shapeshifter) (Vaults:1)
  6 orc sorcerers
  An orb spider (Abyss:5)
  4 shadow dragon skeletons
  23 orc knights
  3 stone giant zombies
  A salamander (shapeshifter) (Elf:3)
  A wolf spider (shapeshifter) (Vaults:5)
  2 shining eyes (Slime:4)
  14 griffons
  10 manticores
  93 slime creatures
  19 salamanders
  A cyclops (shapeshifter) (Depths:3)
  95 deep elf magi
  25 fauns
  7 wolf spiders
  8 elephants
  2 frost giant skeletons
  48 black mambas
  10 guardian serpents
  Maurice (D:13)
  9 cyclopes
  24 moths of wrath
  An elephant (shapeshifter) (Elf:3)
  A toenail golem (WizLab)
  12 merfolk sirens
  23 naga magi
  A torpor snail (Lair:4)
  An iron dragon skeleton (Tomb:2)
  2 eyes of devastation
  7 water nymphs
  A stone giant skeleton (Vaults:4)
  8 gargoyles
  5 rotting hulks (Crypt:3)
  3 smoke demons
  16 spiny frogs
  10 vault sentinels
  12 freezing wraiths
  An orange demon (D:15)
  5 rime drakes
  An alligator snapping turtle zombie (Crypt:2)
  A hellion (D:10)
  10 komodo dragons
  59 guardian mummies
  A black draconian zombie (Crypt:2)
  45 yaktaurs
  A yaktaur zombie (Depths:1)
  2 redback zombies
  An efreet (D:14)
  2 kobold demonologists
  3 alligator snapping turtle skeletons (Crypt:2)
  3 tengu conjurers
  2 wind drakes (Shoals:4)
  A catoblepas skeleton (Crypt:3)
  3 fireflies
  7 trolls
  A jumping spider (shapeshifter) (Vaults:2)
  23 merfolk
  3 meliai (D:15)
  4 polar bears (Lair:6)
  14 hornets
  2 hornets (shapeshifter)
  5 boulder beetles
  A harpy skeleton (Crypt:3)
  A bog body (Crypt:3)
  An ice dragon zombie (Tomb:1)
  30 blink frogs
  2 hydra skeletons
  19 dream sheep
  16 snapping turtles
  A meliai zombie (D:15)
  A dream sheep (shapeshifter) (Depths:3)
  2 fire giant simulacra
  9 ravens
  A centaur simulacrum (D:15)
  4 air elementals
  19 flying skulls
  2 shadows
  An ettin skeleton (Crypt:3)
  2 ice dragon skeletons
  3 redbacks (Vaults:2)
  A deep troll skeleton (Depths:1)
  21 spriggans
  A tarantella (shapeshifter) (Vaults:5)
  22 water elementals
  12 wraiths
  40 yaks
  9 ushabtiu
  7 basilisks
  A wind drake zombie (Crypt:2)
  10 wyverns
  28 humans
  A yak (shapeshifter) (Depths:3)
  A vampire (D:11)
  A black mamba skeleton (Crypt:3)
  5 fire elementals
  A human (shapeshifter) (D:13)
  15 hippogriffs
  A hog (shapeshifter) (D:14)
  4 golden eyes
  3 steam dragons
  5 vampire mosquitoes
  5 hungry ghosts
  A viper (Snake:2)
  2 neqoxecs
  6 acid dragons
  A naga (shapeshifter) (Depths:3)
  5 spatial vortices (Abyss:5)
  18 wargs
  42 nagas
  A soldier ant (D:11)
  7 hell hounds (D:15)
  20 water moccasins
  A water moccasin (shapeshifter) (Depths:1)
  A spiny frog skeleton (Crypt:3)
  A floating eye (Depths:4)
  A floating eye (shapeshifter) (Vaults:5)
  7 porcupines
  An eye of draining (shapeshifter) (Vaults:3)
  6 sky beasts
  An ettin simulacrum (Tomb:1)
  79 orc warriors
  An alligator simulacrum (Tomb:3)
  9 ice beasts
  A black bear (shapeshifter) (Vaults:1)
  A blink frog zombie (Crypt:1)
  4 black bears
  A fire dragon simulacrum (Tomb:3)
  A necrophage (D:14)
  26 ogres
  A wolf (shapeshifter) (Depths:1)
  4 eyes of draining
  36 wolves
  21 boggarts
  A boggart (shapeshifter) (Depths:3)
  A hog zombie (Crypt:1)
  14 centaurs
  A swamp dragon skeleton (Crypt:3)
  A viper zombie (Crypt:1)
  5 big kobolds
  15 crocodiles
  A brain worm (D:13)
  6 phantoms
  5 earth elementals
  A wyvern zombie (D:8)
  17 bullfrogs
  A gnoll sergeant (D:7)
  A salamander skeleton (Crypt:3)
  5 scorpions
  A scorpion (shapeshifter) (D:15)
  A warg zombie (Crypt:2)
  22 killer bees
  4 howler monkeys
  7 wights
  A polar bear skeleton (Crypt:2)
  2 electric eels (D:14)
  A goliath beetle (D:10)
  5 centaur zombies
  4 bullfrog zombies
  3 quasits
  4 hounds
  14 jellies
  A jelly (shapeshifter) (Depths:1)
  Crazy Yiuf (D:2)
  A black bear zombie (Crypt:1)
  24 orc priests
  10 centaur skeletons
  39 orc wizards
  5 bullfrog skeletons
  An iron imp (Depths:2)
  A black bear skeleton (Crypt:1)
  A human skeleton (Crypt:1)
  9 iguanas
  Natasha (thrice) (D:2)
  13 worker ants
  A naga skeleton (Crypt:3)
  2 hound zombies
  3 hound skeletons
  48 mummies
  3 worker ant zombies
  14 gnolls
  A steam dragon zombie (Crypt:3)
  16 adders
  A river rat (Lair:5)
  A swamp drake zombie (Crypt:2)
  3 shadow imps
  2 white imps (D:7)
  5 ufetubi
  3 oozes (Lair:6)
  An adder skeleton (D:5)
  3 adder zombies
  3 worms
  3 dart slugs
  5 leopard geckos
  186 orcs
  2 ball pythons
  9 giant cockroaches
  8 goblins
  13 hobgoblins
  22 jackals
  10 weasels
  7 bats
  8 frilled lizards
  A jackal skeleton (D:5)
  34 kobolds
  2 leopard gecko skeletons
  An orc skeleton (Crypt:3)
  12 rats
  A weasel zombie (D:7)
  7 fungi
  10 plants
  3 starspawn tentacles (Abyss:5)
  A withered plant (Shoals:3)
3551 creatures vanquished.

Vanquished Creatures (others)
  A deep elf master archer (Elf:3)
  2 vault wardens
  7 stone giants
  2 bennus (Tomb:2)
  2 merfolk javelineers
  2 yaktaur captains
  2 centaur warriors
  A satyr (Shoals:4)
  A death scarab (Tomb:3)
  2 naga sharpshooters
  A deep elf knight (Elf:2)
  4 skeletal warriors (Tomb:2)
  2 deep elf archers
  A frost giant skeleton (Tomb:2)
  3 cyclopes
  A gargoyle (WizLab)
  20 yaktaurs
  A guardian mummy (Tomb:3)
  A slime creature (Depths:3)
  Sigmund (D:2)
  A large abomination (Abyss:5)
  A water moccasin (D:6)
  5 centaurs
  A crocodile (Lair:6)
  An orc wizard (Orc:2)
  An ufetubus (D:6)
  An orc (Vaults:1)
  A bush (Lair:6)
  42 fungi
  54 plants
  A starspawn tentacle (Abyss:5)
166 creatures vanquished.

Grand Total: 3717 creatures vanquished

Notes
Turn   | Place    | Note
-------+----------+-------------------------------------------
     0 | D:1      | damerell the Hill Orc Ice Elementalist began the quest for
                  | the Orb.
     0 | D:1      | Reached XP level 1. HP: 14/14 MP: 3/3
   440 | D:1      | Reached skill level 1 in Fighting
   468 | D:1      | Reached XP level 2. HP: 23/23 MP: 1/4
   847 | D:2      | Displaced on stairs
   847 | D:2      | Noticed Natasha
   849 | D:2      | HP: 6/23 [adder (2)]
   853 | D:1      | Reached skill level 2 in Fighting
   853 | D:1      | Reached XP level 3. HP: 9/29 MP: 1/5
  1089 | D:2      | Learned a level 3 spell: Ozocubu's Armour
  1607 | D:2      | Killed Natasha
  1607 | D:2      | Reached XP level 4. HP: 23/37 MP: 3/7
  1746 | D:2      | Noticed Natasha
  1759 | D:2      | HP: 12/37 [Natasha (7)]
  1760 | D:2      | Killed Natasha
  1760 | D:2      | Reached skill level 1 in Slings
  1760 | D:2      | Reached skill level 1 in Charms
  2311 | D:2      | Found a runed door.
  2466 | D:2      | Noticed Sigmund
  2847 | D:2      | Noticed Natasha
  2856 | D:2      | Killed Natasha
  2856 | D:2      | Reached skill level 3 in Fighting
  2856 | D:2      | Reached XP level 5. HP: 23/45 MP: 4/8
  3750 | D:2      | Noticed damerell's ghost (weakling HOIE)
  3758 | D:2      | Killed Sigmund
  3758 | D:2      | Witnessed revenge of damerell's ghost on Sigmund.
  3758 | D:2      | Reached XP level 6. HP: 21/52 MP: 0/9
  4158 | D:2      | Noticed Crazy Yiuf
  4163 | D:2      | Killed Crazy Yiuf
  4309 | D:3      | Found a blossoming altar of Fedhas.
  4852 | D:3      | Found a snail-covered altar of Cheibriados.
  5267 | D:3      | Reached skill level 4 in Fighting
  5351 | D:3      | HP: 13/52 [gnoll/enchanted spear (15)]
  5986 | D:3      | Became a worshipper of Cheibriados the Contemplative
  6089 | D:4      | Got a shadowed robe
  6100 | D:4      | Identified the +1 robe of Sin {rC+ Dex+3} (You found it on
                  | level 4 of the Dungeon)
  6401 | D:4      | Found a shadowy altar of Dithmenos.
  6618 | D:4      | Reached XP level 7. HP: 47/59 MP: 10/10
  6920 | D:5      | Entered Level 5 of the Dungeon
  6960 | D:5      | Reached skill level 1 in Invocations
  7022 | D:5      | HP: 16/59 [bullfrog skeleton (5)]
  7023 | D:5      | HP: 7/59 [bullfrog skeleton (3)]
  7025 | D:5      | HP: 3/59 [bullfrog skeleton (2)]
  7025 | D:5      | HP: 1/59 [centaur/arrow (2)]
  7026 | D:5      | Gained mutation: You regenerate slowly when monsters are
                  | visible. [potion of mutation]
  7026 | D:5      | Gained mutation: You have sharp toenails. [potion of
                  | mutation]
  7032 | D:5      | HP: 2/88 [worker ant zombie (1)]
  7375 | D:5      | Found Zarhiwn's General Store.
  7396 | D:5      | Learned a level 4 spell: Summon Ice Beast
  7399 | D:5      | Got a brightly glowing broad axe
  7400 | D:5      | Identified the +8 broad axe "damerell's Regret" {drain, rC+
                  | Str+6} (You found it on level 5 of the Dungeon)
  7543 | D:5      | Reached skill level 1 in Axes
  7560 | D:5      | Learned a level 2 spell: Throw Frost
  7618 | D:5      | Reached XP level 8. HP: 32/66 MP: 11/11
  7632 | D:5      | Reached * piety under Cheibriados
  7939 | D:5      | Found an ancient bone altar of Kikubaaqudgha.
  8123 | D:5      | Found a three-legged altar of Ihp'ix.
  8208 | D:5      | Bought a scroll of amnesia for 52 gold pieces
  8208 | D:5      | Bought a scroll of remove curse for 45 gold pieces
  8208 | D:5      | Bought a scroll of fear for 52 gold pieces
  8656 | D:6      | Noticed a two-headed ogre
  8716 | D:6      | Found Nilohios's Antique Armour Boutique.
  8720 | D:6      | Found Wuqycut's Assorted Antiques.
  8723 | D:6      | Found Xusse's Assorted Antiques.
  8893 | D:6      | Found an ornate altar of the Wu Jian Council.
  8933 | D:6      | Reached ** piety under Cheibriados
  8949 | D:6      | HP: 13/66 [two-headed ogre/giant club (13)]
  8952 | D:6      | Killed a two-headed ogre
  8952 | D:6      | Reached skill level 5 in Fighting
  8952 | D:6      | Reached skill level 5 in Invocations
  8952 | D:6      | Reached XP level 9. HP: 32/74 MP: 2/13
  9278 | D:6      | Reached skill level 1 in Summonings
  9553 | D:6      | Found Emoff's Armour Boutique.
  9672 | D:6      | Found Zyn Jira's Antique Weapon Boutique.
  9718 | D:6      | Found a staircase to the Ecumenical Temple.
  9817 | D:6      | Bought a tower shield for 148 gold pieces
  9862 | D:5      | Learned a level 1 spell: Magic Dart
  9862 | D:5      | Lost mutation: You regenerate slowly when monsters are
                  | visible. [potion of mutation]
  9862 | D:5      | Lost mutation: You have sharp toenails. [potion of
                  | mutation]
  9862 | D:5      | Gained mutation: You are somewhat resistant to further
                  | mutation. [potion of mutation]
  9862 | D:5      | Gained mutation: You are agile. (Dex +2) [potion of
                  | mutation]
  9864 | D:5      | Found a shattered altar of Ashenzari.
  9899 | D:7      | HP: 21/74 [vampire mosquito (6)]
  9903 | D:7      | HP: 8/74 [vampire mosquito (7)]
 10140 | D:7      | Noticed a troll
 10144 | D:7      | Reached skill level 1 in Shields
 10198 | D:7      | Killed a troll
 10219 | D:7      | HP: 9/75 [orc warrior/battleaxe (25)]
 10221 | D:7      | HP: 4/75 [orc warrior/battleaxe (6)]
 10772 | D:7      | Reached *** piety under Cheibriados
 10799 | D:7      | Found a sacrificial altar of Ru.
 10928 | D:7      | Reached skill level 6 in Fighting
 11343 | D:8      | Found Acadur's Supply Emporium.
 11354 | D:8      | Reached XP level 10. HP: 82/83 MP: 14/14
 11416 | D:8      | Found an opulent altar of Gozag.
 11723 | D:8      | Reached **** piety under Cheibriados
 12251 | D:8      | Reached skill level 5 in Shields
 12344 | D:8      | Reached skill level 5 in Conjurations
 12486 | D:9      | Noticed a two-headed ogre
 12625 | D:9      | Reached skill level 7 in Fighting
 12960 | D:9      | Found a glowing golden altar of the Shining One.
 13050 | D:9      | Killed a two-headed ogre
 13050 | D:9      | Reached skill level 5 in Ice Magic
 13266 | D:9      | Paralysed by a hornet for 2 turns
 13272 | D:9      | Reached XP level 11. HP: 63/92 MP: 16/16
 13561 | D:9      | Found a sparkling altar of Nemelex Xobeh.
 13605 | D:9      | Reached ***** piety under Cheibriados
 13677 | D:9      | Found a staircase to the Lair.
 13749 | D:9      | Reached skill level 10 in Axes
 14324 | D:10     | Entered Level 10 of the Dungeon
 14609 | D:10     | Identified a scroll of acquirement
 14610 | D:10     | Acquired a +1 hat of magic resistance
 14884 | D:10     | Killed an unseen horror
 16281 | D:11     | Reached skill level 8 in Fighting
 16281 | D:11     | Reached skill level 5 in Charms
 16418 | D:11     | Killed an unseen horror
 16698 | D:11     | Noticed a cyclops
 16702 | D:11     | Killed a cyclops
 17321 | D:5      | Bought a +3 hand axe of flaming for 336 gold pieces
 17481 | Lair:1   | Entered Level 1 of the Lair of Beasts
 17790 | Lair:1   | Reached XP level 12. HP: 101/101 MP: 14/17
 18606 | Lair:1   | Noticed a seven-headed hydra
 18618 | Lair:1   | HP: 23/103 [five-headed hydra (18)]
 18620 | Lair:1   | HP: 11/103 [four-headed hydra (5)]
 18626 | Lair:1   | Killed a four-headed hydra
 19622 | D:6      | Bought 3 scrolls labeled YTOPHE QYGH for 87 gold pieces
 19997 | Lair:2   | Reached ****** piety under Cheibriados
 20546 | Lair:2   | Noticed a seven-headed hydra
 20560 | Lair:2   | Killed a two-headed hydra
 20560 | Lair:2   | Reached skill level 9 in Fighting
 21008 | Lair:3   | Learned a level 2 spell: Blink
 21658 | Lair:4   | Noticed a four-headed hydra
 21658 | Lair:4   | Noticed a death yak
 21658 | Lair:4   | Noticed a death yak
 21693 | Lair:4   | Noticed an eight-headed hydra
 21695 | Lair:4   | Reached skill level 1 in Translocations
 21698 | Lair:4   | Reached XP level 13. HP: 111/111 MP: 19/19
 21710 | Lair:3   | HP: 33/111 [three-headed hydra (9)]
 22352 | Lair:4   | Found a staircase to the Snake Pit.
 22706 | D:6      | Bought an embroidered scarf for 200 gold pieces
 22917 | Lair:4   | Found a staircase to the Shoals.
 23101 | Lair:4   | Reached skill level 5 in Dodging
 23345 | Lair:4   | Learned a level 4 spell: Throw Icicle
 23617 | Lair:5   | Identified a +0 pair of boots of running (You found it on
                  | level 5 of the Lair of Beasts)
 24368 | Lair:5   | Reached skill level 10 in Invocations
 24437 | Lair:5   | Found a deep blue altar of Sif Muna.
 24790 | Lair:5   | Reached skill level 10 in Shields
 25049 | Lair:5   | Reached XP level 14. HP: 118/119 MP: 21/21
 25149 | Lair:6   | Entered Level 6 of the Lair of Beasts
 25218 | Lair:6   | Found a staircase to the Slime Pits.
 25516 | Lair:6   | Reached skill level 10 in Fighting
 25572 | Lair:6   | Reached skill level 5 in Translocations
 27004 | Lair:6   | Learned a level 4 spell: Regeneration
 27574 | Lair:6   | Reached skill level 11 in Fighting
 27872 | Lair:6   | Reached skill level 1 in Necromancy
 28352 | D:6      | Bought a +2 leather armour of fire resistance for 228 gold
                  | pieces
 29554 | D:12     | Found a labyrinth entrance.
 29571 | Lab      | Entered a labyrinth
 29820 | Lab      | Got a crude pewter amulet
 29858 | Lab      | Identified the cursed amulet of Qosood {Gourm MR+ Dex+4
                  | Stlth+ *Curse} (You took it off a minotaur in a labyrinth)
 30049 | D:12     | Noticed Josephine
 30056 | D:12     | Reached XP level 15. HP: 129/129 MP: 13/22
 30060 | D:12     | Killed Josephine
 30337 | D:12     | Found a staircase to the Orcish Mines.
 30344 | D:12     | Found a roughly hewn altar of Beogh.
 30453 | D:12     | Reached skill level 5 in Spellcasting
 31435 | Orc:1    | Entered Level 1 of the Orcish Mines
 31436 | Orc:1    | Noticed Erolcha
 31451 | Orc:1    | Reached skill level 15 in Axes
 31451 | Orc:1    | Reached skill level 1 in Evocations
 31458 | Orc:1    | Killed Erolcha
 31685 | Orc:1    | Noticed Erica
 31692 | Orc:1    | Killed Erica
 31882 | Orc:1    | Found a bloodstained altar of Trog.
 32228 | Orc:1    | Found a roughly hewn altar of Beogh.
 32283 | Orc:1    | Noticed Nergalle
 32291 | Orc:1    | Killed Nergalle
 32518 | Orc:2    | Entered Level 2 of the Orcish Mines
 34091 | Orc:2    | Found a roughly hewn altar of Beogh.
 34204 | Orc:2    | Found a staircase to the Elven Halls.
 34260 | Orc:2    | Found Onej's Book Shop.
 34260 | Orc:2    | Found Kipinet's Supply Emporium.
 34343 | Orc:2    | Found Qykh's Antique Armour Shop.
 34343 | Orc:2    | Found Nuaruer's Supply Emporium.
 34649 | D:13     | Displaced on stairs
 34733 | D:13     | Noticed Maurice
 34743 | D:13     | Killed Maurice
 35061 | D:13     | Noticed Maud
 35076 | D:13     | Killed Maud
 36533 | D:14     | Reached skill level 5 in Slings
 36812 | D:14     | Found Soabej's Changing Room.
 36822 | D:14     | Reached XP level 16. HP: 139/139 MP: 12/23
 37627 | D:14     | Reached skill level 5 in Necromancy
 37893 | D:14     | Found a gate to the Vaults.
 38201 | D:14     | Reached skill level 12 in Fighting
 38443 | D:15     | Entered Level 15 of the Dungeon
 39645 | D:15     | Got a steaming war axe {freeze}
 39646 | D:15     | Identified the cursed +0 war axe of the Warrior {freeze,
                  | rPois Dex+4} (You took it off a kobold on level 15 of the
                  | Dungeon)
 40341 | D:15     | Got a pair of pitted boots
 40352 | D:15     | Identified the +1 pair of boots "Higitine" {Str+2 Dex+3}
                  | (You found it on level 15 of the Dungeon)
 40672 | D:15     | Found a staircase to the Depths.
 42229 | Snake:1  | Entered Level 1 of the Snake Pit
 42439 | Snake:1  | Reached XP level 17. HP: 146/146 MP: 11/25
 42466 | Snake:1  | Learned a level 5 spell: Aura of Abjuration
 42811 | D:13     | Noticed hilarita's ghost (journeyman FoHu)
 42818 | D:13     | Witnessed revenge of hilarita's ghost on a two-headed ogre.
 43013 | Orc:2    | Bought a book of the Tempests for 910 gold pieces
 43022 | Orc:2    | Learned a level 8 spell: Ignition
 43531 | Snake:1  | Noticed Rupert
 43545 | Snake:1  | Killed Rupert
 43545 | Snake:1  | Reached skill level 1 in Fire Magic
 44397 | Snake:1  | Noticed Nikola
 44425 | Snake:1  | Killed Nikola
 44707 | Snake:2  | Noticed Vashnia
 44731 | Snake:2  | Killed Vashnia
 44805 | Snake:2  | Noticed Roxanne
 44938 | Snake:2  | Reached skill level 5 in Fire Magic
 44946 | Snake:2  | Reached skill level 13 in Fighting
 45374 | Snake:2  | Noticed Louise
 45382 | Snake:2  | Killed Louise
 45969 | Snake:2  | Killed Roxanne
 45970 | Snake:2  | Identified Roxanne's Disquisition on Transmigration (You
                  | took it off Roxanne on level 2 of the Snake Pit)
 46048 | Snake:3  | Noticed Agnes
 46060 | Snake:3  | Killed Agnes
 46064 | Snake:3  | Reached XP level 18. HP: 139/157 MP: 14/27
 47084 | Snake:3  | Reached skill level 1 in Armour
 47914 | Snake:3  | HP: 38/157 [salamander/glaive (14)]
 48371 | Snake:4  | Entered Level 4 of the Snake Pit
 49360 | Snake:3  | Reached skill level 15 in Shields
 49567 | Snake:4  | Reached skill level 10 in Fire Magic
 49640 | Snake:4  | HP: 49/157 [salamander/trident (5)]
 51029 | Snake:4  | Reached XP level 19. HP: 151/163 MP: 18/28
 51293 | Snake:4  | HP: 45/163 [shock serpent/bolt of electricity (14)]
 51371 | Snake:4  | Got a serpentine rune of Zot
 51634 | Shoals:1 | Entered Level 1 of the Shoals
 53864 | D:6      | Bought a scroll of identify for 58 gold pieces
 53864 | D:6      | Bought a scroll of identify for 58 gold pieces
 53879 | D:6      | Bought a scroll of identify for 66 gold pieces
 53879 | D:6      | Bought a potion of heal wounds for 165 gold pieces
 53879 | D:6      | Bought a scroll of identify for 66 gold pieces
 53879 | D:6      | Bought a potion of might for 132 gold pieces
 55206 | Shoals:4 | Entered Level 4 of the Shoals
 55223 | Shoals:4 | Reached XP level 20. HP: 171/171 MP: 23/29
 55373 | Shoals:4 | Reached skill level 15 in Fire Magic
 55686 | Shoals:4 | Got a barnacled rune of Zot
 55923 | Shoals:4 | Noticed Ilsuiw
 55939 | Shoals:4 | Killed Ilsuiw
 57163 | Elf:1    | Entered Level 1 of the Elven Halls
 57190 | Elf:1    | Found a radiant altar of Vehumet.
 57466 | Elf:1    | Found Titirug's Antique Armour Shoppe.
 57476 | Elf:1    | Bought a scorched hat for 189 gold pieces
 57486 | Elf:1    | Identified the +0 hat of Kikubaaqudgha's Anger {rElec
                  | Slay+5} (You bought it in a shop on level 1 of the Elven
                  | Halls)
 58612 | Elf:1    | Identified the Almanac of Creative Attacks
 58621 | Elf:1    | Learned a level 6 spell: Bolt of Fire
 59127 | Elf:2    | Found a runed gate.
 59128 | Elf:2    | Found a runed gate.
 59135 | Elf:2    | Found a runed gate.
 59736 | Elf:2    | Found Ticzyap's General Store.
 59745 | Elf:2    | Bought a potion of heal wounds for 70 gold pieces
 59854 | Elf:2    | Reached XP level 21. HP: 180/180 MP: 21/31
 59996 | Elf:2    | Reached skill level 14 in Fighting
 61294 | Elf:3    | Entered Level 3 of the Elven Halls
 61340 | Elf:3    | Found Loet's General Store.
 61349 | Elf:3    | Bought a potion of brilliance for 72 gold pieces
 61349 | Elf:3    | Bought a scroll of enchant armour for 135 gold pieces
 61383 | Elf:3    | Found Vunemaqe's Gadget Shop.
 61468 | Elf:3    | Found Maiz's Gadget Emporium.
 61798 | Elf:3    | Found Xocsal's Jewellery Emporium.
 62186 | Elf:3    | Reached skill level 15 in Fighting
 62530 | Elf:3    | Got a wavering platinum amulet
 62531 | Elf:3    | Identified the amulet of Emana {+Rage +Inv rF+ Str+8} (You
                  | took it off a deep elf blademaster on level 3 of the Elven
                  | Halls)
 62678 | Elf:3    | Learned a level 2 spell: Shroud of Golubria
 62690 | Elf:3    | Got a bloodstained broad axe
 62691 | Elf:3    | Identified the cursed +1 broad axe "Dacsyw" {venom, Stlth+}
                  | (You found it on level 3 of the Elven Halls)
 62777 | Elf:3    | Found the +3 hat of Pondering {ponderous, MR+ MP+10 Int+5}
 62783 | Elf:3    | Reached skill level 1 in Throwing
 62795 | Elf:3    | Identified the ring "Veps" {rPois rF+ rC+ Int+4} (You found
                  | it on level 3 of the Elven Halls)
 62822 | Elf:3    | Identified the +0 plate armour of Uxzurixt {Stlth+} (You
                  | found it on level 3 of the Elven Halls)
 62916 | Elf:3    | Identified the +1 leather armour of Gravity {Str+6 Slay+3}
                  | (You took it off a deep elf mage on level 3 of the Elven
                  | Halls)
 62925 | Elf:3    | Identified the cursed ring of Mesint {*Contam +Inv MR+++
                  | AC-3 Dex-5} (You took it off a deep elf archer on level 3
                  | of the Elven Halls)
 62929 | Elf:3    | Got a smoking fustibalus
 62930 | Elf:3    | Identified the +5 fustibalus of Melee {flame, rElec Dex+2}
                  | (You found it on level 3 of the Elven Halls)
 62934 | Elf:3    | Got a fine hunting sling
 62935 | Elf:3    | Identified the cursed +3 hunting sling "Noollorr" {speed,
                  | rN+ MR+} (You found it on level 3 of the Elven Halls)
 62939 | Elf:3    | Identified the Compendium of Attacks
 63070 | Elf:3    | Bought a +5 ring of protection for 825 gold pieces
 65003 | Vaults:1 | Entered Level 1 of the Vaults
 65053 | Vaults:1 | Reached XP level 22. HP: 194/194 MP: 32/32
 65603 | Vaults:1 | Reached skill level 16 in Fighting
 65995 | D:6      | Bought a glowing cloak for 187 gold pieces
 66538 | Vaults:1 | Reached skill level 5 in Throwing
 67410 | Vaults:2 | Found the +7 captain's cutlass {speed, disarm}
 67423 | Vaults:2 | Found a staircase to the Crypt.
 67423 | Vaults:2 | Found a basalt altar of Yredelemnul.
 67424 | Vaults:2 | Found an ancient bone altar of Kikubaaqudgha.
 68374 | Vaults:2 | Found Luaguykue's Assorted Antiques.
 68679 | Vaults:3 | Found Xiuj's Gadget Emporium.
 69619 | Vaults:3 | Reached skill level 17 in Fighting
 70124 | Vaults:4 | Found Nuryqec's Weapon Shop.
 70131 | Vaults:4 | Reached XP level 23. HP: 203/205 MP: 29/34
 70145 | Vaults:4 | Reached skill level 10 in Dodging
 71847 | Vaults:5 | Entered Level 5 of the Vaults
 71848 | Vaults:5 | Reached skill level 10 in Throwing
 71848 | Vaults:5 | Noticed a golden dragon
 71858 | Vaults:4 | Killed a golden dragon
 72219 | D:13     | Learned a level 5 spell: Aura of Abjuration
 72428 | Vaults:5 | Paralysed by a sphinx for 3 turns
 72521 | Vaults:5 | Noticed an ancient lich
 72525 | Vaults:5 | Reached skill level 18 in Fighting
 72527 | Vaults:5 | Noticed a golden dragon
 72538 | Vaults:5 | Reached XP level 24. HP: 103/216 MP: 8/35
 72553 | Vaults:5 | Reached skill level 15 in Invocations
 72588 | Vaults:5 | HP: 59/216 [ettin/dire flail (17)]
 72768 | Vaults:5 | Reached skill level 10 in Slings
 72974 | Vaults:5 | Identified the +10 hand axe "Fountura" {flame, Stlth+} (You
                  | took it off a yaktaur captain on level 5 of the Vaults)
 73008 | Vaults:5 | Killed an ancient lich
 73040 | Vaults:5 | Reached skill level 5 in Summonings
 74796 | Vaults:5 | Identified the Collected Works on Displacement and Flight
 75155 | Vaults:5 | Identified the Collected Works on Ashen Dislocation
 75209 | Vaults:5 | Got a silver rune of Zot
 75236 | Vaults:5 | Learned a level 7 spell: Ring of Flames
 75790 | Vaults:5 | Reached XP level 25. HP: 224/224 MP: 14/36
 75886 | Vaults:5 | Reached skill level 10 in Spellcasting
 76141 | Vaults:5 | Identified the +2 scale mail of Vuhou {+Inv MR+} (You took
                  | it off a vault warden on level 5 of the Vaults)
 76234 | Vaults:5 | Found Ziodiminn's Armour Shop.
 76250 | Vaults:5 | Identified the +2 robe of Supple Strength {+Blink rN++
                  | Regen+} (You found it on level 5 of the Vaults)
 76264 | Vaults:5 | Bought a +0 cloak of magic resistance for 172 gold pieces
 76672 | Vaults:2 | Learned a level 7 spell: Orb of Destruction
 76677 | Vaults:2 | Learned a level 4 spell: See Invisible
 76905 | Depths:1 | Entered Level 1 of the Depths
 77656 | Depths:1 | Found a gateway to Hell.
 78351 | Depths:2 | Found a one-way gate to the infinite horrors of the Abyss.
 78770 | Depths:2 | Reached skill level 10 in Conjurations
 79695 | Depths:3 | Reached skill level 19 in Fighting
 79822 | Depths:3 | Reached XP level 26. HP: 220/236 MP: 31/37
 80073 | Depths:3 | Found a one-way gate leading to the halls of Pandemonium.
 80541 | Depths:3 | Identified the Compendium of Protection
 80973 | Depths:3 | Got a smoking bone ring
 80974 | Depths:3 | Identified the ring "Yxkeunuw" {+Inv rC+} (You took it off
                  | an entropy weaver on level 3 of the Depths)
 81183 | Depths:3 | Reached skill level 20 in Fighting
 81564 | Depths:4 | Identified the Tome of Unstable Lightness
 81595 | Depths:4 | Noticed a juggernaut
 81609 | Depths:4 | Killed a juggernaut
 82167 | Depths:4 | Reached skill level 15 in Conjurations
 82470 | Depths:4 | Reached XP level 27. HP: 248/248 MP: 33/37
 82871 | Depths:5 | Entered Level 5 of the Depths
 82988 | Depths:5 | Found a magical portal.
 83006 | WizLab   | Entered Doroklohe's Tomb
 83272 | WizLab   | Reached skill level 21 in Fighting
 83438 | WizLab   | Identified the +3 leather armour of Dyspraxia {rC+} (You
                  | found it in a wizard's laboratory)
 83453 | WizLab   | Identified the cursed +0 helmet "Moqereq" {rCorr} (You
                  | found it in a wizard's laboratory)
 83672 | Depths:5 | Found a gateway to a ziggurat.
 84239 | Depths:5 | Found a gate to the Realm of Zot.
 85964 | Crypt:1  | Entered Level 1 of the Crypt
 86147 | Crypt:1  | Noticed Boris
 86165 | Crypt:1  | Killed Boris
 86175 | Crypt:1  | Noticed Mennas
 87819 | Crypt:1  | Killed Mennas
 88901 | Crypt:1  | Reached skill level 22 in Fighting
 90148 | Crypt:3  | Entered Level 3 of the Crypt
 90290 | Crypt:3  | Learned a level 5 spell: Yara's Violent Unravelling
 90486 | Crypt:3  | Reached skill level 1 in Hexes
 90488 | Crypt:3  | Reached skill level 1 in Transmutations
 90632 | Crypt:3  | Found a basalt altar of Yredelemnul.
 90724 | Crypt:3  | Got a transparent steel amulet
 90724 | Crypt:3  | Got a pitted bronze ring
 90725 | Crypt:3  | Identified the amulet of Meetai {Regen+ Int+3} (You found
                  | it on level 3 of the Crypt)
 90727 | Crypt:3  | Identified the ring of Scepticism {rC+ rN+} (You found it
                  | on level 3 of the Crypt)
 90800 | Crypt:3  | Found a staircase to the Tomb.
 91479 | Crypt:3  | Noticed an ancient lich
 91484 | Crypt:3  | Killed an ancient lich
 91484 | Crypt:3  | Reached skill level 23 in Fighting
 91975 | Crypt:3  | Reached skill level 5 in Hexes
 92111 | Crypt:3  | Identified the cursed +1 robe "Elei" {rF+} (You took it off
                  | a skeletal warrior on level 3 of the Crypt)
 92788 | Orc:2    | Bought a heavily runed scale mail for 207 gold pieces
 92798 | Orc:2    | Identified the +1 scale mail "Ilaubez" {rElec MR+ Str-5
                  | Dex+4} (You bought it in a shop on level 2 of the Orcish
                  | Mines)
 92804 | Orc:2    | Bought an ichor-stained scale mail for 207 gold pieces
 92809 | Orc:2    | Identified the +1 scale mail of the Harp {rF+ rN+ rCorr}
                  | (You bought it in a shop on level 2 of the Orcish Mines)
 93238 | Slime:1  | Entered Level 1 of the Pits of Slime
 93664 | Slime:5  | Entered Level 5 of the Pits of Slime
 93699 | Slime:5  | Found a viscous altar of Jiyva.
 93700 | Slime:5  | Noticed the Royal Jelly
 93705 | Slime:5  | Killed the Royal Jelly
 93719 | Slime:5  | Reached skill level 5 in Transmutations
 93870 | Slime:5  | Got a scorched jade ring
 93871 | Slime:5  | Identified the ring "Iguyk" {MR+ Dex+6} (You found it on
                  | level 5 of the Pits of Slime)
 93910 | Slime:5  | Identified the cursed +0 chain mail "Bobut" {Dex+2 Slay+2}
                  | (You found it on level 5 of the Pits of Slime)
 93922 | Slime:5  | Got a slimy rune of Zot
 95017 | Elf:3    | Bought a scroll of fog for 36 gold pieces
 95017 | Elf:3    | Bought a potion of might for 72 gold pieces
 95450 | Tomb:1   | Entered Level 1 of the Tomb of the Ancients
 95621 | Tomb:1   | Reached skill level 24 in Fighting
 96131 | Tomb:1   | Noticed a greater mummy
 96138 | Tomb:1   | Killed a greater mummy
 96309 | Tomb:1   | Noticed a greater mummy
 96325 | Tomb:1   | Killed a greater mummy
 96662 | Tomb:1   | Got a clouded platinum ring
 96663 | Tomb:1   | Identified the ring of Unkis {Ice rPois MR+} (You found it
                  | on level 1 of the Tomb of the Ancients)
 96997 | Tomb:2   | Noticed Khufu
 96997 | Tomb:2   | Noticed a greater mummy
 96999 | Tomb:2   | Noticed a greater mummy
 97001 | Tomb:2   | Noticed a greater mummy
 97002 | Tomb:2   | HP: 66/261 [flayed ghost/flay_damage[a mummy priest] (31)]
 97004 | Tomb:2   | Noticed a greater mummy
 97005 | Tomb:2   | Noticed a greater mummy
 97007 | Tomb:2   | HP: 43/261 [???[Khufu] (27)]
 97008 | Tomb:2   | Noticed a greater mummy
 97009 | Tomb:2   | Noticed a greater mummy
 97012 | Tomb:2   | HP: 41/261 [Khufu/divine providence (10)]
 97014 | Tomb:2   | HP: 18/261 [??? (9)]
 97027 | Tomb:2   | HP: 63/261 [??? (40)]
 97028 | Tomb:2   | Killed Khufu
 97030 | Tomb:2   | Killed a greater mummy
 97036 | Tomb:2   | Killed a greater mummy
 97036 | Tomb:2   | Killed a greater mummy
 97036 | Tomb:2   | HP: 119/391 [greater mummy/divine providence (13)]
 97037 | Tomb:2   | Killed a greater mummy
 97037 | Tomb:2   | Killed a greater mummy
 97041 | Tomb:2   | HP: 105/391 [reaper/scythe of flaming[a mummy priest's
                  | death curse] (8)]
 97044 | Tomb:2   | Killed a greater mummy
 97046 | Tomb:2   | Killed a greater mummy
 97064 | Tomb:2   | HP: 43/260 [??? (26)]
 97538 | Tomb:1   | Noticed a greater mummy
 97538 | Tomb:1   | Noticed a greater mummy
 97538 | Tomb:1   | Noticed a greater mummy
 97539 | Tomb:1   | Noticed a greater mummy
 97541 | Tomb:1   | Killed a greater mummy
 97541 | Tomb:1   | Reached skill level 15 in Dodging
 97541 | Tomb:1   | Noticed a greater mummy
 97542 | Tomb:1   | Killed a greater mummy
 97544 | Tomb:1   | Noticed a greater mummy
 97544 | Tomb:1   | Noticed a greater mummy
 97545 | Tomb:1   | Killed a greater mummy
 97545 | Tomb:1   | Killed a greater mummy
 97545 | Tomb:1   | Noticed a greater mummy
 97548 | Tomb:1   | Killed a greater mummy
 97554 | Tomb:1   | Killed a greater mummy
 97559 | Tomb:1   | Killed a greater mummy
 97563 | Tomb:1   | Killed a greater mummy
 97763 | Tomb:1   | Noticed a greater mummy
 97774 | Tomb:1   | Killed a greater mummy
 97848 | Tomb:1   | Noticed a greater mummy
 97852 | Tomb:1   | Killed a greater mummy
 97853 | Tomb:1   | Noticed a greater mummy
 97931 | Tomb:1   | Noticed a greater mummy
 97938 | Tomb:1   | Killed a greater mummy
 97959 | Tomb:1   | Killed a greater mummy
 98207 | Tomb:1   | Noticed a greater mummy
 98216 | Tomb:1   | Killed a greater mummy
 98356 | Tomb:1   | Noticed a greater mummy
 98364 | Tomb:1   | Killed a greater mummy
 98366 | Tomb:1   | Noticed a greater mummy
 98368 | Tomb:1   | Noticed a greater mummy
 98371 | Tomb:1   | Killed a greater mummy
 98372 | Tomb:1   | Noticed a greater mummy
 98373 | Tomb:1   | Killed a greater mummy
 98378 | Tomb:1   | Killed a greater mummy
 98378 | Tomb:1   | Reached skill level 25 in Fighting
 98452 | Tomb:1   | Noticed a greater mummy
 98465 | Tomb:1   | Killed a greater mummy
 98676 | Tomb:2   | HP: 60/254 [guardian mummy's death curse (31)]
 98680 | Tomb:2   | Cast into level 5 of the Abyss (the power of Zot)
 98680 | Abyss:5  | Entered Level 5 of the Abyss
 98712 | Tomb:2   | Escaped the Abyss
 98733 | Tomb:2   | HP: 82/266 [??? (53)]
 99003 | Tomb:3   | Entered Level 3 of the Tomb of the Ancients
 99018 | Tomb:3   | Noticed a greater mummy
 99018 | Tomb:3   | HP: 67/266 [??? (42)]
 99019 | Tomb:3   | Noticed a greater mummy
 99024 | Tomb:3   | HP: 120/399 [greater mummy/divine providence (11)]
 99025 | Tomb:3   | Killed a greater mummy
 99029 | Tomb:3   | Noticed a greater mummy
 99030 | Tomb:3   | HP: 106/397 [ushabti] (4)]
 99032 | Tomb:3   | Killed a greater mummy
 99032 | Tomb:3   | Noticed a greater mummy
 99036 | Tomb:3   | Killed a greater mummy
 99043 | Tomb:3   | Killed a greater mummy
 99281 | Tomb:3   | Identified the Tome of Gliding Flames
 99299 | Tomb:3   | Learned a level 5 spell: Irradiate
 99323 | Tomb:3   | Identified the +1 leather armour of Xanwicra {rN+ MR++
                  | Int+2} (You found it on level 3 of the Tomb of the
                  | Ancients)
 99359 | Tomb:3   | Identified the +3 chain mail "Izeuts" {rN++ MP+9 Int+3
                  | Dex-5} (You found it on level 3 of the Tomb of the
                  | Ancients)
 99417 | Tomb:3   | Identified the +2 robe "Reis" {+Blink +Fly Regen+ Dex+6}
                  | (You found it on level 3 of the Tomb of the Ancients)
 99680 | Tomb:3   | Noticed a greater mummy
 99692 | Tomb:3   | Killed a greater mummy
 99692 | Tomb:3   | HP: 66/266 [torment (41)]
 99927 | Tomb:3   | Noticed a greater mummy
 99929 | Tomb:3   | Noticed a greater mummy
 99935 | Tomb:3   | Killed a greater mummy
 99939 | Tomb:3   | Reached skill level 5 in Armour
 99945 | Tomb:3   | Killed a greater mummy
100238 | Tomb:3   | Noticed a greater mummy
100249 | Tomb:3   | Killed a greater mummy
100249 | Tomb:3   | Reached skill level 26 in Fighting
100534 | Tomb:3   | Noticed a greater mummy
100540 | Tomb:3   | Killed a greater mummy
100665 | Tomb:3   | Got a golden rune of Zot
101308 | Vaults:2 | Bought a potion of curing for 126 gold pieces
101308 | Vaults:2 | Bought a potion of might for 168 gold pieces
101308 | Vaults:2 | Bought a potion of invisibility for 336 gold pieces
101308 | Vaults:2 | Bought a scroll of teleportation for 126 gold pieces
101532 | Orc:2    | Bought a throwing net for 45 gold pieces
101532 | Orc:2    | Bought a throwing net for 45 gold pieces
101630 | Elf:2    | Bought a scroll of magic mapping for 49 gold pieces
101994 | D:6      | Bought a potion of curing for 87 gold pieces
101994 | D:6      | Bought a scroll of remove curse for 87 gold pieces
102437 | Elf:3    | Bought a wand of acid (10 charges) for 588 gold pieces
102437 | Elf:3    | Bought a wand of digging (4 charges) for 235 gold pieces
102437 | Elf:3    | Bought a wand of acid (12 charges) for 705 gold pieces
102916 | Zot:1    | Entered Level 1 of the Realm of Zot
104637 | Zot:1    | Got a slimy zirconium amulet
104638 | Zot:1    | Identified the amulet of the Skies Above {Faith +Fly Int-5
                  | Dex-3 SInv} (You found it on level 1 of the Realm of Zot)
104949 | Depths:5 | Learned a level 3 spell: Portal Projectile
105137 | Zot:2    | Reached skill level 10 in Armour
105974 | Zot:2    | Reached skill level 27 in Fighting
106635 | Zot:2    | Found a glowing silver altar of Zin.
106690 | Zot:2    | Got a warped bronze amulet
106691 | Zot:2    | Identified the amulet "Jastyul" {Reflect *Contam rPois
                  | Int+6 Dex+3 SH+3} (You found it on level 2 of the Realm of
                  | Zot)
109187 | Orc:2    | Bought 17 sling bullets for 119 gold pieces
109429 | D:8      | Bought 20 sling bullets for 100 gold pieces
110124 | Zot:3    | Found the +0 mask of the Dragon {MR+ Slay+3 SInv}
110166 | Zot:3    | Found a transporter.
111842 | Zot:5    | Entered Level 5 of the Realm of Zot
112460 | Zot:5    | Noticed an orb of fire
112475 | Zot:5    | Killed an orb of fire
112557 | Zot:5    | Noticed an ancient lich
112567 | Zot:5    | Killed an ancient lich
112619 | Zot:5    | Noticed an orb of fire
112629 | Zot:5    | Killed an orb of fire
113122 | Zot:5    | Noticed an orb of fire
113128 | Zot:5    | Killed an orb of fire
113135 | Zot:5    | Noticed an orb of fire
113154 | Zot:5    | Killed an orb of fire
113369 | Zot:5    | Noticed an ancient lich
113381 | Zot:5    | Killed an ancient lich
113381 | Zot:5    | Reached skill level 15 in Armour
113381 | Zot:5    | Reached skill level 15 in Spellcasting
113398 | Zot:5    | HP: 63/273 [??? (40)]
113615 | Zot:5    | Noticed an orb of fire
113768 | Zot:5    | Killed an orb of fire
114163 | Zot:5    | Got the Orb of Zot
114334 | Zot:3    | HP: 75/273 [??? (47)]
114585 | D:15     | Noticed Degup the pandemonium lord
114592 | D:15     | Killed Degup the pandemonium lord
114887 | D:7      | Noticed Roih the pandemonium lord
114902 | D:7      | Killed Roih the pandemonium lord
115072 | D:$      | Escaped with the Orb!

Vault maps used:
D:1:      moated_graveyard_arrival
D:2:      serial_forest, infiniplex_forest_end_2, infiniplex_forest_lined_3,
          infiniplex_forest_clump_large, infiniplex_forest_lined_room_3,
          infiniplex_forest_straight_4, infiniplex_forest_end_double,
          infiniplex_forest_end_1, uniq_crazy_yiuf_cottage, uniq_natasha,
          uniq_sigmund
D:3:      fedhas_ov_isle_minmay, nicolae_overflow_crystal_walls, first_bread,
          minmay_pentangle
D:4:      grunt_dithmenos_smoke, kennysheep_generic_room_12
D:5:      nicolae_overflow_hidden_temple, kennysheep_mini, marbit_many_paths,
          serial_undead, serial_undead_e, serial_undead_a, serial_undead_e,
          serial_undead_d, serial_shops, nicolae_shop_behind_doors
D:6:      lemuel_doored_altar, lemuel_temple_firewalk_a, serial_shops,
          nicolae_shop_waterfront, shop,
          nicolae_shop_temple_entry_statues_fountains,
          nicolae_shop_overgrown_old_shop, shop
D:7:      kennysheep_mini_moat, kb_rosetta
D:8:      serial_shops, nicolae_shop_stone, lemuel_altar_in_water
D:9:      kennysheep_steamy, nemelex_xobeh_ov_fountains_minmay,
          kennysheep_little_box, erik_lair_orcish_takeover
D:11:     kennysheep_cluttered_room, blue_anna_alchemist
D:12:     minmay_orc_entry_temple_small, lab_entry_generic, uniq_josephine
D:13:     feat_on_display, uniq_maurice, uniq_maud
D:14:     grunt_vaults_entry_tiered, nicolae_transmutations_shop
D:15:     grunt_enter_depths_magical_seal, chequers_serial_rivers_large_a,
          minmay_rotating_lava
Lair:2:   nicolae_lair_grove_arrangements
Lair:4:   elwin_shoals_entry_rocks, minmay_snake_entry_spellcaster,
          lemuel_fruit_tree
Lair:5:   basic_altar, pond
Lair:6:   minmay_lair_end_enchanted_forest, nicolae_slime_entry_slimehenge,
          minivault_27
Shoals:3: argonaut_gorgonesque
Shoals:4: shoals_end_hangedman, shoals_ilsuiw_ice,
          nicolae_shoals_dead_sea_scrolls
Snake:1:  uniq_nikola, uniq_rupert
Snake:2:  nicolae_snake_nest, spider_trap, nicolae_snake_linked_coils,
          uniq_louise, uniq_roxanne, uniq_vashnia
Snake:3:  grunt_megastairs_4, uniq_agnes
Snake:4:  snake_pit_salamanders_mu, spider_trap
Orc:1:    basic_altar, bloody_trog, uniq_nergalle, uniq_erica, uniq_erolcha
Orc:2:    st_orc_town
Elf:1:    eino_elf_arrival_altar, serial_shops, nicolae_shop_trees,
          minmay_elf_sorcery
Elf:2:    serial_shops, shop_statue
Elf:3:    elf_hall_gauntlet_wide, serial_shops, nicolae_shop_trees, shop, shop,
          shop
Vaults:1: v_alt_pattern_3, nicolae_vaults_circle_grid_a, v_misc_5,
          nicolae_vaults_asterisk, vaults_room_ringed_pool,
          grunt_vaults_hallway_long, v_misc_23, v_misc_12, v_misc_26
Vaults:2: hangedman_vaults_stagger, minmay_crypt_entry_necro_gods, serial_ice_b,
          serial_shops, shop
Vaults:3: v_alt_pattern_4, v_misc_23, v_misc_24, grunt_vaults_funnel, v_misc_23,
          nicolae_vaults_triangles, ontoclasm_vaults_twist,
          vaults_mumra_minichess, v_alt_pattern_1, v_misc_27,
          vaults_standard_mumra_x, hangedman_vaults_nails, vaults_room_pool,
          st_more_cells, vaults_mumra_lcd, serial_shops, shop
Vaults:4: nicolae_vaults_specimen_jars, nicolae_vaults_network_quincunx,
          st_octagons_1, nicolae_vaults_three_branches,
          nicolae_vaults_little_ls, grunt_vaults_focal, serial_shops,
          shop_fountains
Vaults:5: serial_shops
Crypt:1:  uniq_boris, uniq_mennas
Crypt:3:  church_of_pain_bobbens, nicolae_tomb_entry_rubble_hallway,
          minivault_24
Tomb:2:   uniq_khufu
Depths:1: chequers_serial_rivers_room_a, pf_coc_iceberg,
          serial_sigils_hangedman_shear, minmay_microvault
Depths:2: wad_courtyard, hangedman_abyss_entry_splay,
          grunt_hell_entry_dis_grunt, serial_bayou_shore_b
Depths:3: hangedman_pleasuredromes, hell_entry, pan_entry
Depths:4: minmay_outward_triangles, abyss_entry_crystal, hell_entry,
          dk_noncrumbling_4
Depths:5: grunt_zot_entry_bicorn, enter_ziggurat_c,
          minmay_misc_feat_four_crosses, hell_entry,
          infiniplex_enter_wizlab_glasses
Zot:1:    minmay_elemental_castle
Zot:2:    circus_mu, basic_altar, bh_zot_ikea_curve, zot_minivault_8
Zot:3:    chequers_guarded_unrand_mask_of_the_dragon
Abyss:5:  hangedman_abyss_exit_choices, minivault_28,
          doesnt_abyss_rune_brain_food, evilmike_abyss_exit_8, minivault_28
Lab:      labyrinth_mini_lab, labyrinth_skeletal_remains, lab_block,
          nicolae_lab_blocks, nicolae_lab_starburst, lab_statue_stone,
          lab_statue_stone, lab_statue_rock, lab_statue_stone
WizLab:   wizlab_doroklohe

Skill      XL: |  1  2  3  4  5  6  7  8  9 10 11 12 13 14 15 16 17 18 19 20 21 22 23 24 25 26 27 |
---------------+----------------------------------------------------------------------------------+-----
Fighting       | 1 2 3 4 5 6 7 8 9 11 12 13 15 17 18 19 20 27 | 27.0
Ice Magic      | 3 4 5 6 7 |  7.2
Spellcasting   | 2 3 4 5 6 7 8 9 10 15 | 15.0
Slings         | 1 2 3 5 6 8 9 11 | 11.4
Charms         | 1 2 3 4 5 6 7 8 |  8.0
Invocations    | 2 5 6 7 8 10 12 13 14 16 | 16.0
Dodging        | 2 3 4 5 6 7 9 10 11 12 16 | 16.5
Axes           | 2 6 8 9 11 12 13 14 15 16 17 18 | 18.0
Conjurations   | 3 4 5 6 8 11 15 22 | 22.5
Summonings     | 1 3 6 8 |  8.0
Shields        | 3 6 7 8 10 11 12 13 14 15 16 18 25 | 25.0
Stealth        | 3 4 |  4.0
Translocations | 1 4 5 |  5.0
Necromancy     | 2 4 7 |  7.0
Evocations     | 3 4 |  4.0
Fire Magic     | 7 11 14 16 19 20 21 24 | 24.9
Armour         | 3 4 16 | 16.7
Throwing       | 3 8 11 13 | 13.0
Hexes          | 8 |  8.0
Transmutations | 5 |  5.0
Maces & Flails | |  0.2

Action                   |  1- 3 |  4- 6 |  7- 9 | 10-12 | 13-15 | 16-18 | 19-21 | 22-24 | 25-27 || total
-------------------------+-------+-------+-------+-------+-------+-------+-------+-------+-------++-------
Melee: Mace              |     3 |       |     9 |       |       |       |       |       |       ||    12
       Broad axe         |       |       |   165 |   333 |   836 |   943 |   870 |   500 |  1686 ||  5333
       Kick              |       |       |     3 |       |       |       |       |       |       ||     3
       Hand axe          |       |       |       |    14 |    58 |       |       |       |       ||    72
 Fire: Hunting sling     |    20 |   172 |    36 |    13 |    14 |    14 |       |       |       ||   269
       Fustibalus        |       |       |       |       |       |       |    35 |   474 |  2181 ||  2690
Throw: Stone             |    20 |       |    11 |       |       |       |       |       |       ||    31
       Javelin           |       |       |       |     1 |     5 |     5 |     7 |     7 |    37 ||    62
 Cast: Freeze            |    45 |    89 |    11 |       |       |       |       |       |       ||   145
       Ozocubu's Armour  |       |     5 |    26 |    30 |   144 |    95 |   151 |    67 |   127 ||   645
       Throw Frost       |       |       |    61 |     3 |    27 |    15 |     5 |       |       ||   111
       Magic Dart        |       |       |    24 |   367 |   743 |   286 |    25 |     2 |    35 ||  1482
       Throw Icicle      |       |       |       |       |    27 |    97 |   159 |     2 |       ||   285
       * Regeneration    |       |       |       |       |       |    95 |   110 |    43 |   173 ||   421
       Blink             |       |       |       |       |       |     2 |     2 |     1 |     1 ||     6
       Bolt of Fire      |       |       |       |       |       |       |     1 |       |    18 ||    19
       Ignition          |       |       |       |       |       |       |     8 |    42 |   267 ||   317
       * Shroud of Golub |       |       |       |       |       |       |     5 |    34 |    76 ||   115
       * Ring of Flames  |       |       |       |       |       |       |       |     4 |       ||     4
       * Portal Projecti |       |       |       |       |       |       |       |       |   128 ||   128
       Orb of Destructio |       |       |       |       |       |       |       |       |    46 ||    46
       See Invisible     |       |       |       |       |       |       |       |       |    15 ||    15
       Irradiate         |       |       |       |       |       |       |       |       |     3 ||     3
       Aura of Abjuratio |       |       |       |       |       |       |       |       |     2 ||     2
       Yara's Violent Un |       |       |       |       |       |       |       |       |     2 ||     2
Invok: Bend Time         |       |       |     3 |     3 |     3 |     5 |       |       |     1 ||    15
       Slouch            |       |       |       |     2 |     1 |     1 |     4 |       |     3 ||    11
       Temporal Distorti |       |       |       |       |       |     1 |       |       |       ||     1
 Abil: Evoke Flight      |       |       |       |       |       |       |    20 |       |       ||    20
Evoke: Wand              |       |       |     4 |     2 |     1 |     9 |    22 |     1 |     7 ||    46
       Stone of tremors  |       |       |       |       |       |       |       |       |     1 ||     1
  Use: Scroll            |     2 |     6 |    11 |    16 |     6 |    10 |    18 |     4 |    55 ||   128
       Potion            |       |       |    10 |       |       |     7 |     6 |     5 |    48 ||    76
 Stab: Sleeping          |     1 |       |     1 |     3 |     5 |     5 |     7 |     1 |     1 ||    24
       Distracted        |       |       |       |       |     2 |       |     3 |     3 |     6 ||    14
       Confused          |       |       |       |       |       |     2 |     3 |       |       ||     5
       Petrifying        |       |       |       |       |       |       |     4 |       |       ||     4
       Petrified         |       |       |       |       |       |       |     2 |       |       ||     2
  Eat: Chunk             |     3 |     8 |     3 |    10 |    32 |    34 |    39 |    31 |    60 ||   220
       Meat ration       |       |     2 |     3 |     1 |       |       |       |     2 |    12 ||    20
       Fruit             |       |       |       |       |     2 |     1 |     1 |       |    52 ||    56
       Bread ration      |       |       |       |       |       |       |       |       |     1 ||     1
Armor: Robe              |     8 |    18 |    63 |    76 |   122 |   103 |   159 |       |    42 ||   591
       Skin              |       |       |    16 |       |       |     1 |       |       |    39 ||    56
       Ring mail         |       |       |    19 |       |       |       |       |       |       ||    19
       Plate armour      |       |       |       |       |       |    25 |       |       |       ||    25
       Leather armour    |       |       |       |       |       |       |     7 |    71 |    56 ||   134
       Chain mail        |       |       |       |       |       |       |       |       |   114 ||   114
       Scale mail        |       |       |       |       |       |       |       |       |     6 ||     6
Dodge: Dodged            |    20 |    52 |   113 |    75 |   230 |   303 |   403 |   231 |   870 ||  2297
       Deflected         |       |       |       |       |     7 |     4 |       |     1 |    44 ||    56
Block: Tower shield      |       |       |    50 |   330 |   827 |  1121 |   428 |       |   406 ||  3162
       Reflection        |       |       |       |       |     3 |    25 |    77 |    84 |   131 ||   320
       Kite shield       |       |       |       |       |       |       |   601 |   542 |  1488 ||  2631
* Casting counts for permanent charms are approximate representations of how often the player would have had to cast a non-permanent spell for the same benefits.

Table legend:
 A = Spawn XP
 B = Non-spawn XP
 C = Spawn XP percentage of total XP
 D = Spawn monster count
 E = Non-spawn monster count
 F = Spawn count percentage of total count
 G = Total turns spent on level
                    A         B        C        D         E        F      G
               +---------+---------+-------+---------+---------+-------+---------
         Total |  449157 | 2152750 |  17.3 |     844 |    2684 |  23.9 | 115072
               +---------+---------+-------+---------+---------+-------+---------
           D:1 |      10 |      31 |  24.4 |       7 |      12 |  36.8 |  1483
           D:2 |      15 |     371 |   3.9 |       9 |      32 |  22.0 |  2876
           D:3 |      24 |     131 |  15.5 |      12 |      31 |  27.9 |  1765
           D:4 |      38 |      46 |  45.2 |       2 |       3 |  40.0 |   931
           D:5 |     135 |     991 |  12.0 |       4 |      33 |  10.8 |  1862
           D:6 |      52 |    1548 |   3.2 |       3 |      18 |  14.3 |  1569
           D:7 |     863 |    1091 |  44.2 |      18 |      27 |  40.0 |  2160
           D:8 |    1361 |    1303 |  51.1 |      15 |      19 |  44.1 |  2223
           D:9 |    2882 |    3407 |  45.8 |      31 |      44 |  41.3 |  2670
          D:10 |    3615 |    1646 |  68.7 |      37 |      13 |  74.0 |  3266
          D:11 |    2636 |    4144 |  38.9 |      18 |      27 |  40.0 |  2814
          D:12 |    3805 |    7549 |  33.5 |      29 |      48 |  37.7 |  3693
          D:13 |    7832 |    6953 |  53.0 |      26 |      24 |  52.0 |  2852
          D:14 |    4818 |   16633 |  22.5 |      18 |      50 |  26.5 |  3499
          D:15 |    7150 |   23426 |  23.4 |      35 |      61 |  36.5 |  4218
        Lair:1 |    3429 |    4966 |  40.8 |      11 |      19 |  36.7 |  2777
        Lair:2 |     911 |    4632 |  16.4 |       8 |      18 |  30.8 |  1627
        Lair:3 |    2603 |    2801 |  48.2 |       8 |       9 |  47.1 |  2319
        Lair:4 |     927 |   10388 |   8.2 |       4 |      24 |  14.3 |  1628
        Lair:5 |    3217 |    9613 |  25.1 |      11 |      41 |  21.2 |  1915
        Lair:6 |    7575 |   16135 |  31.9 |      25 |      79 |  24.0 |  2812
      Shoals:1 |    7304 |    4751 |  60.6 |      13 |      13 |  50.0 |  1306
      Shoals:2 |    8331 |   17329 |  32.5 |      17 |      31 |  35.4 |  1304
      Shoals:3 |    1845 |   19919 |   8.5 |       5 |      44 |  10.2 |  1143
      Shoals:4 |    5269 |   36013 |  12.8 |       9 |      57 |  13.6 |  1621
       Snake:1 |    6272 |   25382 |  19.8 |      10 |      40 |  20.0 |  1876
       Snake:2 |    6593 |   23357 |  22.0 |       8 |      29 |  21.6 |  1371
       Snake:3 |    7047 |   26495 |  21.0 |      14 |      47 |  23.0 |  1421
       Snake:4 |   10630 |   60071 |  15.0 |      16 |      92 |  14.8 |  2352
       Slime:1 |       0 |   11036 |   0.0 |       0 |      22 |   0.0 |   171
       Slime:2 |       0 |    4459 |   0.0 |       0 |       7 |   0.0 |    81
       Slime:3 |       0 |    7501 |   0.0 |       0 |       8 |   0.0 |   146
       Slime:4 |       0 |   17802 |   0.0 |       0 |      26 |   0.0 |   190
       Slime:5 |     262 |   30823 |   0.8 |       1 |      14 |   6.7 |   473
         Orc:1 |    1119 |    6714 |  14.3 |      12 |      43 |  21.8 |  1352
         Orc:2 |    3361 |   12076 |  21.8 |      28 |      94 |  23.0 |  2694
         Elf:1 |    5158 |   32803 |  13.6 |       8 |      52 |  13.3 |  2165
         Elf:2 |   14526 |   35272 |  29.2 |      24 |      50 |  32.4 |  2640
         Elf:3 |    9097 |   55261 |  14.1 |      14 |      52 |  21.2 |  2117
      Vaults:1 |   15411 |   30559 |  33.5 |      39 |      54 |  41.9 |  2249
      Vaults:2 |   14952 |   13198 |  53.1 |      29 |      38 |  43.3 |  2376
      Vaults:3 |   14119 |   34816 |  28.9 |      18 |      53 |  25.4 |  1551
      Vaults:4 |   19950 |   54335 |  26.9 |      28 |      60 |  31.8 |  2169
      Vaults:5 |   35062 |  162062 |  17.8 |      31 |     137 |  18.5 |  2586
       Crypt:1 |    6517 |   38685 |  14.4 |       7 |      38 |  15.6 |  1483
       Crypt:2 |    8961 |   18414 |  32.7 |      10 |      25 |  28.6 |  1069
       Crypt:3 |   16829 |   89084 |  15.9 |      17 |      94 |  15.3 |  2583
        Tomb:1 |    9195 |  170565 |   5.1 |      18 |      83 |  17.8 |  2888
        Tomb:2 |     371 |  105218 |   0.4 |       4 |      85 |   4.5 |   877
        Tomb:3 |    7511 |  109872 |   6.4 |      15 |      98 |  13.3 |  1780
      Depths:1 |   21960 |   33612 |  39.5 |      23 |      51 |  31.1 |  1913
      Depths:2 |    7047 |   55451 |  11.3 |       4 |      68 |   5.6 |  1517
      Depths:3 |   15365 |  104381 |  12.8 |      17 |     101 |  14.4 |  2235
      Depths:4 |    7328 |   64697 |  10.2 |      12 |      57 |  17.4 |  1391
      Depths:5 |    9174 |   56817 |  13.9 |       7 |      45 |  13.5 |  1545
         Zot:1 |   22850 |   91350 |  20.0 |       9 |      49 |  15.5 |  2276
         Zot:2 |   18124 |  121314 |  13.0 |      10 |      76 |  11.6 |  2150
         Zot:3 |    7512 |   20490 |  26.8 |       5 |      13 |  27.8 |   817
         Zot:4 |   16997 |   23480 |  42.0 |      10 |      17 |  37.0 |   983
         Zot:5 |   33210 |  180399 |  15.5 |      21 |      51 |  29.2 |  2449
       Abyss:5 |       0 |   13774 |   0.0 |       0 |      18 |   0.0 |    32
           Lab |       0 |    1118 |   0.0 |       0 |       1 |   0.0 |   305
        WizLab |       0 |   14190 |   0.0 |       0 |      19 |   0.0 |   466
               +---------+---------+-------+---------+---------+-------+---------
